 Dungeon Crawl Stone Soup version 0.25.0-15-gac7dcb8919 (console) character file.

Game seed: 8776334251892493338

10591 Garrluk the Demolition Troll (level 11, -6/113 HPs)
             Began as a Troll Monk on June 28, 2020.
             Was an Elder of Makhleb.
             Mangled by an eight-headed hydra (12 damage)
             ... on level 1 of the Lair of Beasts.
             The game lasted 00:20:00 (6592 turns).

Garrluk the Demolition Troll (Troll Monk)           Turns: 6592, Time: 00:20:00

Health: -6/113     AC:  7    Str: 24    XL:     11   Next: 38%
Magic:  18/18      EV: 10    Int:  6    God:    Makhleb [****..]
Gold:   488        SH:  0    Dex: 12    Spells: 10/10 levels left

rFire    . . .     SeeInvis .     - Unarmed
rCold    + . .     Gourm    +   (no shield)
rNeg     + . .     Faith    .   a - +0 robe
rPois    .         Spirit   .   (helmet restricted)
rElec    .         Reflect  .   o - +0 cloak
rCorr    .         Harm     .   (gloves unavailable)
MR       .....                  (boots unavailable)
Stlth    ++........             (no amulet)
HPRegen  0.68/turn              l - ring of protection from cold (curse)
MPRegen  0.16/turn              v - ring of positive energy

@: no status effects
A: large, unfitting armour, claws 3, fast metabolism 3, gourmand, regeneration
1, shaggy fur 1, tough skin 3
a: Minor Destruction, Lesser Servant of Makhleb, Major Destruction, Renounce
Religion


You were on level 1 of the Lair of Beasts.
You worshipped Makhleb.
Makhleb was greatly pleased with you.
You were completely stuffed.

You visited 2 branches of the dungeon, and saw 10 of its levels.

You collected 488 gold pieces.

Inventory:

Missiles
 d - 24 poisoned darts (quivered)
Armour
 a - a +0 robe (worn)
 o - a +0 cloak (worn)
Jewellery
 l - a cursed ring of protection from cold (left claw)
 v - a ring of positive energy (right claw)
Wands
 p - a wand of iceblast (7)
 x - a wand of acid (9)
 B - a wand of enslavement (7)
 D - a wand of disintegration (13)
 E - a wand of digging (4)
 H - a wand of polymorph (12)
Scrolls
 e - 7 scrolls of remove curse {unknown}
 f - a scroll of random uselessness {unknown}
 h - 6 scrolls of teleportation {unknown}
 j - 3 scrolls of amnesia {unknown}
 k - 2 scrolls of magic mapping {unknown}
 m - 3 scrolls of enchant armour {unknown}
 s - 2 scrolls of blinking {unknown}
 t - 3 scrolls of identify {unknown}
 u - 2 scrolls of fear {unknown}
 y - a scroll of immolation {unknown}
 F - a scroll of vulnerability {unknown}
Potions
 c - 2 potions of might {unknown}
 g - 4 potions of curing {unknown}
 i - a potion of lignification {unknown}
 n - 2 potions of flight {unknown}
 q - 2 potions of cancellation {unknown}
 r - 2 potions of mutation {unknown}
 w - 5 potions of stabbing {unknown}
 z - a potion of degeneration {unknown}
 C - a potion of ambrosia {unknown}
 G - a potion of magic {unknown}
Comestibles
 b - 14 rations
 A - 2 chunks of flesh


   Skills:
 - Level 8.9 Fighting
 - Level 1.4 Armour
 - Level 2.4 Dodging
 - Level 1.0 Stealth
 * Level 9.7 Unarmed Combat
 * Level 10.7 Invocations


You had 10 spell levels left.
You didn't know any spells.
Your spell library contained the following spells:

 Spells                   Type           Power        Failure   Level  Hunger
 Animate Skeleton         Necr           N/A          45%         1    ##.....
 Pain                     Necr           #...         45%         1    ##.....
 Summon Small Mammal      Summ           #...         45%         1    ##.....
 Call Imp                 Summ           #.......     58%         2    ###....
 Call Canine Familiar     Summ           #.......     83%         3    ####...
 Confusing Touch          Hex            #.......     83%         3    ####...
 Gell's Gravitas          Tloc           #.........   83%         3    ####...
 Summon Guardian Golem    Hex/Summ       #.......     83%         3    ####...
 Vampiric Draining        Necr           #.........   83%         3    ####...
 Animate Dead             Necr           N/A          99%         4    #####..
 Petrify                  Tmut/Erth      #.......     99%         4    #####..
 Summon Ice Beast         Ice/Summ       #.......     99%         4    #####..
 Summon Lightning Spire   Summ/Air       #.......     99%         4    #####..
 Agony                    Necr           #.......     100%        5    ######.
 Metabolic Englaciation   Hex/Ice        #.........   100%        5    ######.
 Yara's Violent Unravell  Hex/Tmut       #.........   100%        5    ######.


Dungeon Overview and Level Annotations

Branches:
Dungeon (9/15)               Lair (1/6) D:8
 Temple: D:4-7          Orc: D:9-12

Altars:
Dithmenos
Elyvilon
Gozag
Hepliaklqana
Kikubaaqudgha
Makhleb
Ru
Yredelemnul
Zin

Annotations:
D:4 Sigmund


Innate Abilities, Weirdness & Mutations

You are too large for most types of armour.
You have claws for hands.
Your metabolism is lightning-fast.
You like to eat raw meat.
Your natural rate of healing is unusually fast.
You are covered in fur. (AC +1)
You have extremely tough skin. (AC +3)


Message History

The eight-headed hydra writhes in agony.
The eight-headed hydra bites you.
The eight-headed hydra bites you but does no damage.
The eight-headed hydra barely misses you.
The eight-headed hydra bites you. x3
* * * LOW HITPOINT WARNING * * *
The eight-headed hydra bites you.
* * * LOW HITPOINT WARNING * * *
The eight-headed hydra bites you!
* * * LOW HITPOINT WARNING * * *
Press: ? - help, Shift-Dir - straight line, f/p - eight-headed hydra
Aim: an eight-headed hydra (severely wounded, covered in acid, lightly drained)
The eight-headed hydra resists with some effort.
The eight-headed hydra completely misses you.
The eight-headed hydra bites you!
* * * LOW HITPOINT WARNING * * *
The eight-headed hydra bites you.
* * * LOW HITPOINT WARNING * * *
The eight-headed hydra bites you!
You die...

##.#.+(#.4..#.#..#
#..#.###3#4#...#.#
##.#P.4.P#4#..##.#
#P.#######.#.#.#.###+#
#........3.#####......
##.##.#.3##.##...###.#
#.#..#.#....#..#.....
#.####..#####.#.##.##
...# ##...#..#.#.....
#.#.###.##.##.#..####
#...@.....#..#....###
#.###D###.###........
#P...P#...####.##..
#.###.#..###.##.#.#
#h#$#.#.## #...#.##
#.#+#.#.. #...... #P.
.P#.#....###..# ###
###.##. #......
........ ..#...##. #
#####.#


You could see an eight-headed hydra (corroded, drained).

Vanquished Creatures
  Harold (D:8)
  A hydra (Lair:1)
  A two-headed ogre (D:8)
  A komodo dragon (Lair:1)
  A polar bear (Lair:1)
  5 hippogriffs
  A blink frog (Lair:1)
  4 spriggans (Lair:1)
  11 yaks
  A steam dragon (D:7)
  A water moccasin (Lair:1)
  A porcupine (Lair:1)
  5 sky beasts
  An ice beast (D:9)
  An orc warrior (D:9)
  A black bear (D:9)
  2 ogres (D:5)
  2 phantoms
  A centaur (D:8)
  3 crocodiles (Lair:1)
  4 bullfrogs
  4 wights (D:7)
  A vampire bat (D:6)
  3 crimson imps
  A bullfrog zombie (D:7)
  A quasit (D:9)
  10 orc wizards
  3 hounds
  An orc priest (D:3)
  Crazy Yiuf (D:2)
  A centaur skeleton (D:9)
  A jelly (D:5)
  A bullfrog skeleton (D:5)
  3 iguanas (D:9)
  Ijyb (D:4)
  5 worker ants
  A hound skeleton (D:5)
  A worker ant zombie (D:5)
  Robin (D:2)
  5 gnolls
  7 adders
  2 shadow imps
  2 adder skeletons
  4 worms
  4 dart slugs
  5 leopard geckos
  13 orcs
  3 ball pythons
  3 bat skeletons (D:6)
  2 bat zombies (D:6)
  3 giant cockroaches
  18 hobgoblins
  13 jackals
  2 quokkas
  7 bats
  5 frilled lizards
  A giant cockroach zombie (D:5)
  16 goblins
  5 kobolds
  5 rats
214 creatures vanquished.

Vanquished Creatures (collateral kills)
  A two-headed ogre (D:8)
  2 hydras (Lair:1)
  A spiny frog (Lair:1)
  A komodo dragon (Lair:1)
  2 spriggans (Lair:1)
  A yak (D:9)
  A hungry ghost (D:9)
  4 water moccasins (Lair:1)
  An orc warrior (D:8)
  2 centaurs (D:8)
  A bullfrog (Lair:1)
  A gnoll sergeant (D:9)
  4 orcs (D:8)
22 creatures vanquished.

Vanquished Creatures (others)
  An orc (D:9)
  A goblin (D:1)
2 creatures vanquished.

Grand Total: 238 creatures vanquished

Notes
Turn   | Place    | Note
-------+----------+-------------------------------------------
     0 | D:1      | Garrluk the Troll Monk began the quest for the Orb.
     0 | D:1      | Reached XP level 1. HP: 22/22 MP: 0/0
   111 | D:1      | Reached XP level 2. HP: 28/29 MP: 1/1
   644 | D:2      | Reached XP level 3. HP: 36/36 MP: 2/2
   650 | D:2      | Noticed a bullfrog
   662 | D:2      | Killed a bullfrog
   662 | D:2      | Reached skill level 5 in Unarmed Combat
   662 | D:2      | Reached XP level 4. HP: 43/44 MP: 3/3
   702 | D:2      | Noticed Robin
   720 | D:2      | Killed Robin
   823 | D:2      | Reached XP level 5. HP: 43/50 MP: 4/4
  1256 | D:2      | Noticed a phantom
  1272 | D:2      | Killed a phantom
  1415 | D:2      | Reached XP level 6. HP: 59/59 MP: 5/5
  1427 | D:2      | Found a runed translucent door.
  1428 | D:2      | Noticed Crazy Yiuf
  1434 | D:2      | Killed Crazy Yiuf
  1770 | D:3      | Found a burning altar of Makhleb.
  1771 | D:3      | Noticed a cacodemon
  1774 | D:3      | Found a glowing silver altar of Zin.
  1774 | D:3      | Noticed an angel
  1814 | D:3      | Reached skill level 1 in Armour
  1842 | D:3      | Became a worshipper of Makhleb the Destroyer
  1842 | D:3      | Reached * piety under Makhleb
  1842 | D:3      | Reached ** piety under Makhleb
  2022 | D:3      | Reached skill level 1 in Invocations
  2554 | D:4      | Noticed Ijyb
  2566 | D:4      | Killed Ijyb
  2566 | D:4      | Reached XP level 7. HP: 58/67 MP: 6/6
  2597 | D:4      | Noticed Sigmund
  2687 | D:5      | Entered Level 5 of the Dungeon
  2775 | D:5      | Reached skill level 2 in Invocations
  2819 | D:5      | Found a white marble altar of Elyvilon.
  2819 | D:5      | Found an opulent altar of Gozag.
  2820 | D:5      | Found a basalt altar of Yredelemnul.
  2928 | D:5      | Reached skill level 3 in Invocations
  3063 | D:5      | Found a sacrificial altar of Ru.
  3063 | D:5      | Found a shadowy altar of Dithmenos.
  3141 | D:5      | Reached XP level 8. HP: 73/79 MP: 9/9
  3150 | D:5      | Reached *** piety under Makhleb
  3286 | D:5      | Reached skill level 4 in Invocations
  3507 | D:6      | Found an ancient bone altar of Kikubaaqudgha.
  3513 | D:6      | Reached skill level 5 in Fighting
  3779 | D:7      | Reached skill level 5 in Invocations
  3882 | D:8      | Noticed Harold
  3928 | D:8      | Killed Harold
  3928 | D:8      | Reached skill level 6 in Invocations
  3928 | D:8      | Reached XP level 9. HP: 63/92 MP: 12/12
  4151 | D:8      | Noticed a two-headed ogre
  4173 | D:8      | Killed a two-headed ogre
  4362 | D:8      | Reached skill level 7 in Invocations
  4397 | D:8      | Found a staircase to the Lair.
  4466 | D:8      | Noticed a two-headed ogre
  4478 | D:8      | Killed a two-headed ogre
  4815 | D:9      | Reached skill level 8 in Invocations
  4817 | D:9      | Reached XP level 10. HP: 73/104 MP: 13/15
  5221 | D:9      | Reached skill level 9 in Invocations
  5587 | Lair:1   | Entered Level 1 of the Lair of Beasts
  5587 | Lair:1   | Noticed a seven-headed hydra
  5593 | Lair:1   | Killed a seven-headed hydra
  5633 | Lair:1   | Noticed a five-headed hydra
  5650 | Lair:1   | Killed a five-headed hydra
  5901 | Lair:1   | Reached skill level 10 in Invocations
  5904 | Lair:1   | Reached XP level 11. HP: 99/113 MP: 17/17
  6250 | Lair:1   | Reached **** piety under Makhleb
  6421 | Lair:1   | Found a hazy altar of Hepliaklqana.
  6495 | Lair:1   | Noticed a seven-headed hydra
  6510 | Lair:1   | Killed a seven-headed hydra
  6579 | Lair:1   | Noticed an eight-headed hydra
  6592 | Lair:1   | Mangled by an eight-headed hydra

Illustrated notes

Levels and vault maps discovered:
D:1:      shiori_arrival_elements, layout_basic, st_stairs_5,
          minmay_tetromino_s2
D:2:      layout_loops_ring, minmay_close_crescents, uniq_robin,
          uniq_crazy_yiuf_cottage
D:3:      layout_basic, grunt_temple_overflow_order_and_chaos_2
D:4:      layout_rooms, xom_redecorated, minmay_temple_entry_waves,
          uniq_sigmund, uniq_ijyb, uniq_blork_the_orc
D:5:      layout_basic, gammafunk_temple_overflow_claw,
          gammafunk_temple_overflow_wave, first_ration
D:6:      layout_gridville, kennysheep_vampire_church
D:7:      layout_loops_ring, minmay_a_box_with_orc_wizards_in_it
D:8:      layout_loops_ring, lair_entry_dummy, uniq_harold
D:9:      layout_basic, hangedman_ranch [blue_anna_fruit_fields]
Lair:1:   kb_forest_paths, layout_hall_layers, basic_altar,
          minmay_shattered_shrine

Skill      XL: |  1  2  3  4  5  6  7  8  9 10 11 |
---------------+----------------------------------+-----
Unarmed Combat | 4 5 6 7 8 9 |  9.7
Armour         | 1 |  1.4
Fighting       | 3 4 6 8 |  8.9
Invocations    | 1 3 6 8 10 | 10.7
Dodging        | |  2.4
Stealth        | |  1.0

Action                   |  1- 3 |  4- 6 |  7- 9 | 10-12 || total
-------------------------+-------+-------+-------+-------++-------
Melee: Unarmed           |    48 |   190 |   215 |   218 ||   671
       Punch             |     1 |     2 |    10 |     7 ||    20
Throw: Dart              |       |     4 |     2 |       ||     6
Invok: Lesser Servant of |       |       |     7 |    10 ||    17
       Minor Destruction |       |       |     9 |    32 ||    41
       Major Destruction |       |       |       |     2 ||     2
Evoke: Wand              |       |       |     1 |       ||     1
 Stab: Sleeping          |     1 |     5 |     1 |     1 ||     8
       Distracted        |       |     1 |       |       ||     1
  Eat: Chunk             |    11 |    18 |    21 |    16 ||    66
Armor: Robe              |    14 |    68 |    65 |    64 ||   211
Dodge: Dodged            |    30 |    79 |    96 |   103 ||   308
